 Dungeon Crawl Stone Soup version 0.22.1-6-g1668fe2 (webtiles) character file.

1455 teukkam the Covered (level 8, -1/71 HPs)
             Began as a Minotaur Fighter on Jan 30, 2019.
             Slain by a sky beast (6 damage)
             ... on level 6 of the Dungeon.
             The game lasted 00:14:00 (2958 turns).

teukkam the Covered (Minotaur Fighter)              Turns: 2958, Time: 00:14:02

Health: -1/71      AC:  7    Str: 24    XL:     8   Next: 47%
Magic:  7/7        EV: 10    Int:  5    God:
Gold:   197        SH:  0    Dex:  9    Spells: 7/7 levels left

rFire    . . .     SeeInvis .   a - +4 battleaxe
rCold    . . .     Gourm    .   (shield currently unavailable)
rNeg     . . .     Faith    +   z - +1 ring mail "Caysesy" {MR+} (curse)
rPois    .         Spirit   .   (helmet restricted)
rElec    .         Reflect  .   (no cloak)
rCorr    .         Harm     .   (no gloves)
MR       +....                  (no boots)
Stlth    ..........             i - amulet of faith
HPRegen  0.21/turn              (no ring)
MPRegen  0.10/turn              (no ring)

@: no status effects
A: retaliatory headbutt, horns 2
a: no special abilities


You were on level 6 of the Dungeon.
You were not hungry.

You visited 1 branch of the dungeon, and saw 6 of its levels.

You collected 197 gold pieces.

Inventory:

Hand Weapons
 a - a +4 battleaxe (weapon)
 b - a +0 shortbow
 h - a +0 war axe
 m - a +2 hand axe of holy wrath
 o - a +0 blowgun
 v - a +1 dire flail
 x - a +2 short sword of speed
 A - a +2 short sword of draining
Missiles
 g - 30 poisoned needles
 j - 72 bolts
 q - 91 arrows
Armour
 c - a +0 shield
 n - a +0 scale mail
 z - the cursed +1 ring mail "Caysesy" (worn) {MR+}
   (You found it on level 6 of the Dungeon)

   It affects your resistance to hostile enchantments.
   It has a curse placed upon it.
Magical Staves
 w - an uncursed staff of air {unknown}
Jewellery
 i - an amulet of faith (around neck)
Wands
 d - a wand of polymorph (10)
 s - a wand of enslavement (14)
 u - a wand of paralysis (11)
 y - a wand of acid (7)
Scrolls
 e - 2 scrolls of identify
 p - a scroll of amnesia
 r - a scroll of remove curse
 C - a scroll of teleportation
Potions
 k - 2 potions of degeneration {unknown}
 l - a potion of curing
 B - a potion of cancellation {unknown}
Comestibles
 f - 12 rations
 t - 7 chunks of flesh


   Skills:
 + Level 6.9 Fighting
 - Level 4.5 Short Blades
 + Level 3.5 Axes
 + Level 3.8 Bows
 + Level 7.0 Armour
 + Level 6.8 Shields


You had 7 spell levels left.
You didn't know any spells.
Your spell library contained the following spells:

 Spells                   Type           Power        Failure   Level  Hunger
 Animate Skeleton         Necr           N/A          61%         1    ##.....
 Apportation              Tloc           #.....       61%         1    ##.....
 Confusing Touch          Hex            #.....       61%         1    ##.....
 Summon Small Mammal      Summ           #...         61%         1    ##.....


Dungeon Overview and Level Annotations

Branches:
Dungeon (6/15)
 Temple: D:4-7

Altars:
Sif Muna
Uskayaw


Innate Abilities, Weirdness & Mutations

You reflexively headbutt those who attack you in melee.
You have a pair of horns on your head.


Message History

The orc warrior is almost dead.
You slash the orc!
You kill the orc!
The orc warrior hits you with a mace!!
A sky beast appears from thin air!
Reactivating autopickup.
The sky beast hits you but does no damage.
The orc warrior hits you with a mace!
* * * LOW HITPOINT WARNING * * *
You barely miss the orc warrior.
The orc warrior is almost dead.
You barely miss the sky beast. The sky beast hits you.
* * * LOW HITPOINT WARNING * * *
The sky beast shocks you.
* * * LOW HITPOINT WARNING * * *
The orc warrior misses you. You furiously retaliate!
You headbutt the orc warrior.
You feel better. The sky beast hits you.
* * * LOW HITPOINT WARNING * * *
The sky beast shocks you.
You die...

#....#. #.
#...#.. #.
#.##..) #.#
#...... ..
#.)..## #. #.).##
#.###########.###
###.............#
+.[o@.######....#
###Y#.# #...##
#(#.# ##<## #)#.#
#.# (.#.# ####.#
###.# #....# ..#
#.##.# #.# #.##.#
#.##.#


You could see an orc warrior and a sky beast.

Vanquished Creatures
  An ice beast (D:6)
  A phantom (D:5)
  2 centaurs
  An ogre (D:4)
  2 big kobolds (D:5)
  A bullfrog (D:6)
  A scorpion (D:6)
  4 wights (D:6)
  2 howler monkeys (D:5)
  A crimson imp (D:6)
  4 orc priests
  A bullfrog skeleton (D:4)
  Ijyb (D:5)
  An iguana (D:5)
  2 orc wizards
  3 worker ants (D:4)
  A hound skeleton (D:4)
  3 gnolls (D:3)
  6 adders
  A shadow imp (D:6)
  An ooze (D:4)
  3 worms
  4 leopard geckos
  20 orcs
  3 giant cockroaches
  A goblin (D:1)
  3 hobgoblins
  3 jackals (D:6)
  2 quokkas
  A ball python (D:1)
  2 bats
  2 frilled lizards
  7 kobolds
  A quokka zombie (D:6)
  2 rats
94 creatures vanquished.

Vanquished Creatures (others)
  8 fungi (D:5)
  9 toadstools (D:5)
17 creatures vanquished.

Grand Total: 111 creatures vanquished

Notes
Turn   | Place    | Note
-------+----------+-------------------------------------------
     0 | D:1      | teukkam the Minotaur Fighter began the quest for the Orb.
     0 | D:1      | Reached XP level 1. HP: 19/19 MP: 0/0
   251 | D:2      | Reached XP level 2. HP: 27/27 MP: 1/1
   334 | D:2      | Reached skill level 4 in Armour
   585 | D:2      | Reached XP level 3. HP: 19/33 MP: 2/2
   807 | D:3      | Reached skill level 1 in Short Blades
   953 | D:3      | Reached XP level 4. HP: 38/41 MP: 3/3
  1146 | D:4      | Noticed an ogre
  1155 | D:4      | Killed an ogre
  1155 | D:4      | Reached XP level 5. HP: 20/47 MP: 4/4
  1182 | D:5      | Entered Level 5 of the Dungeon
  1207 | D:5      | Noticed Ijyb
  1219 | D:5      | Killed Ijyb
  1219 | D:5      | Reached skill level 5 in Fighting
  1219 | D:5      | Reached skill level 5 in Armour
  1219 | D:5      | Reached skill level 5 in Shields
  1287 | D:5      | Noticed a centaur
  1303 | D:5      | Killed a centaur
  1303 | D:5      | Reached XP level 6. HP: 31/56 MP: 5/5
  1508 | D:5      | Reached skill level 1 in Bows
  1542 | D:4      | Reached XP level 7. HP: 43/61 MP: 6/6
  2095 | D:4      | Found a deep blue altar of Sif Muna.
  2131 | D:5      | Reached skill level 6 in Armour
  2397 | D:5      | Found a hide-covered altar of Uskayaw.
  2463 | D:6      | Reached XP level 8. HP: 50/71 MP: 7/7
  2680 | D:6      | Got a fine ring mail
  2693 | D:6      | Identified the cursed +1 ring mail "Caysesy" {MR+} (You
                  | found it on level 6 of the Dungeon)
  2947 | D:6      | Reached skill level 7 in Armour
  2957 | D:6      | HP: 1/71 [sky beast (5)]
  2958 | D:6      | Slain by a sky beast

Skill      XL: |  1  2  3  4  5  6  7  8 |
---------------+-------------------------+-----
Fighting       | 4 5 6 |  6.9
Armour         | 4 5 6 7 |  7.0
Shields        | 4 5 6 |  6.8
Short Blades   | 1 2 3 4 |  4.5
Bows           | 1 3 |  3.8
Axes           | 3 |  3.5

Action                   |  1- 3 |  4- 6 |  7- 9 || total
-------------------------+-------+-------+-------++-------
Melee: War axe           |    35 |       |       ||    35
       Headbutt          |     6 |    18 |    33 ||    57
       Short sword       |    43 |    87 |   117 ||   247
       Battleaxe         |       |       |    24 ||    24
       Hand axe          |       |       |    12 ||    12
 Fire: Shortbow          |       |     7 |    26 ||    33
  Use: Scroll            |       |     7 |     4 ||    11
       Potion            |       |     2 |     2 ||     4
  Eat: Chunk             |       |     2 |     5 ||     7
Armor: Scale mail        |    32 |    27 |    31 ||    90
       Ring mail         |       |       |     9 ||     9
Dodge: Dodged            |    23 |    18 |    74 ||   115
Block: Shield            |    35 |    23 |       ||    58
